| TOP OF THE 1ST |
|
Toledo Mud Hens batting - Pitching for Tacoma Rainiers : RHP Jake Underhill
|
|
Pitching: RHP Jake Underhill
|
|
|
Batting: RHB Brandon O'Malley
|
0-0: Ball 1-0: Foul Ball, location: 2F 1-1: Ball 2-1: Called Strike 2-2: Foul Ball, location: 2F 2-2: Ball 3-2: SINGLE (Line Drive, 8RS, EV 101.2 MPH)
|
|
Batting: RHB J.J. Basil
|
0-0: Ball Brandon O'Malley steals 2nd base 1-0: Fly out, F8 (Flyball, 8RD, EV 96.9 MPH)
|
|
Batting: LHB Bill Ford
|
0-0: Called Strike 0-1: Swinging Strike 0-2: Fly out, F8 (Flyball, 8RM, EV 90.0 MPH)
|
|
Batting: RHB Dan Becvar
|
0-0: Ball 1-0: Ball 2-0: Foul Ball, location: 2F 2-1: Swinging Strike 2-2: Strikes out looking
|
| Top of the 1st over - 0 runs, 1 hit, 0 errors, 1 left on base; Toledo 0 - Tacoma 0 |
| BOTTOM OF THE 1ST |
|
Tacoma Rainiers batting - Pitching for Toledo Mud Hens : RHP Ricky Tercero
|
|
Pitching: RHP Ricky Tercero
|
|
|
Batting: RHB Rick Ellis
|
0-0: Swinging Strike 0-1: Swinging Strike 0-2: Strikes out looking
|
|
Batting: LHB Jawad Fahad
|
0-0: Foul Ball, location: 2F 0-1: SINGLE (Line Drive, 78S, EV 100.6 MPH)
|
|
Batting: SHB Ray Skogen
|
0-0: Swinging Strike 0-1: Swinging Strike 0-2: Foul Ball, location: 2F 0-2: Strikes out swinging
|
|
Batting: LHB Josh Pittman
|
0-0: Foul Ball, location: 2F 0-1: Foul Ball, location: 2F 0-2: Fly out, F8 (Flyball, 8LD, EV 91.2 MPH)
|
| Bottom of the 1st over - 0 runs, 1 hit, 0 errors, 1 left on base; Toledo 0 - Tacoma 0 |
| TOP OF THE 2ND |
|
Toledo Mud Hens batting - Pitching for Tacoma Rainiers : RHP Jake Underhill
|
|
Batting: RHB Joel Miller
|
0-0: Ball 1-0: Ground out 1-3 (Groundball, 25, EV 60.6 MPH)
|
|
Batting: RHB Keith Hoffman
|
0-0: Called Strike 0-1: Ball 1-1: Ball 2-1: Foul Ball, location: 2F 2-2: Ball 3-2: Base on Balls
|
|
Batting: RHB Aaron Cusick
|
0-0: Foul Ball, location: 2F 0-1: Fly out, F9 (Flyball, 9, EV 85.6 MPH)
|
|
Batting: SHB Scott Bartholomew
|
0-0: Ball 1-0: Foul Ball, location: 2F 1-1: Ground out 1-3 (Groundball, P, EV 72.5 MPH)
|
| Top of the 2nd over - 0 runs, 0 hits, 0 errors, 1 left on base; Toledo 0 - Tacoma 0 |
| BOTTOM OF THE 2ND |
|
Tacoma Rainiers batting - Pitching for Toledo Mud Hens : RHP Ricky Tercero
|
|
Batting: LHB Ryan Lowe
|
0-0: Swinging Strike 0-1: Swinging Strike 0-2: Strikes out swinging
|
|
Batting: RHB Josh Ruhl
|
0-0: Called Strike 0-1: Ball 1-1: Ball 2-1: Ground out 6-3 (Groundball, 6, EV 80.6 MPH)
|
|
Batting: RHB Brad Robidas
|
0-0: Called Strike 0-1: Swinging Strike 0-2: Ground out 5-3 (Groundball, 5, EV 104.4 MPH)
|
| Bottom of the 2nd over - 0 runs, 0 hits, 0 errors, 0 left on base; Toledo 0 - Tacoma 0 |
| TOP OF THE 3RD |
|
Toledo Mud Hens batting - Pitching for Tacoma Rainiers : RHP Jake Underhill
|
|
Batting: SHB Chris Wagler
|
0-0: Called Strike 0-1: Called Strike 0-2: Strikes out swinging
|
|
Batting: RHB Brandon O'Malley
|
0-0: Ball 1-0: Ball 2-0: Called Strike 2-1: Ball 3-1: SINGLE (Line Drive, 4D, EV 95.0 MPH)
|
|
Batting: RHB J.J. Basil
|
0-0: Ball 1-0: Fielders Choice at 2nd, 1-6 (Groundball, 13, EV 66.2 MPH)
|
|
Batting: LHB Bill Ford
|
0-0: Called Strike J.J. Basil is caught stealing 2nd base 2-6
|
| Top of the 3rd over - 0 runs, 1 hit, 0 errors, 0 left on base; Toledo 0 - Tacoma 0 |
| BOTTOM OF THE 3RD |
|
Tacoma Rainiers batting - Pitching for Toledo Mud Hens : RHP Ricky Tercero
|
|
Batting: RHB Chris Olheiser
|
0-0: Called Strike 0-1: Foul Ball, location: 2F 0-2: Ball 1-2: Foul Ball, location: 2F 1-2: Ball 2-2: Ground out 6-3 (Groundball, 6, EV 83.8 MPH)
|
|
Batting: RHB Steve Martin
|
0-0: Called Strike 0-1: Ground out U3 (Groundball, 34S, EV 65.0 MPH)
|
|
Batting: RHB Rick Ellis
|
0-0: Ball 1-0: Foul Ball, location: 2F 1-1: Foul Ball, location: 2F 1-2: Fly out, F8 (Flyball, 8RS, EV 76.2 MPH)
|
| Bottom of the 3rd over - 0 runs, 0 hits, 0 errors, 0 left on base; Toledo 0 - Tacoma 0 |
| TOP OF THE 4TH |
|
Toledo Mud Hens batting - Pitching for Tacoma Rainiers : RHP Jake Underhill
|
|
Batting: LHB Bill Ford
|
0-0: Ball 1-0: Foul Ball, location: 2F 1-1: Ball 2-1: Ball 3-1: Swinging Strike 3-2: Strikes out looking
|
|
Batting: RHB Dan Becvar
|
0-0: Ball 1-0: Called Strike 1-1: Called Strike 1-2: DOUBLE (Flyball, 8LXD, EV 104.4 MPH)
|
|
Batting: RHB Joel Miller
|
0-0: Fly out, F8 (Line Drive, 8LD, EV 103.8 MPH)
|
|
Batting: RHB Keith Hoffman
|
0-0: Called Strike 0-1: Swinging Strike 0-2: Ball 1-2: Foul Ball, location: 2F 1-2: Ball 2-2: Ball 3-2: Strikes out looking
|
| Top of the 4th over - 0 runs, 1 hit, 0 errors, 1 left on base; Toledo 0 - Tacoma 0 |
| BOTTOM OF THE 4TH |
|
Tacoma Rainiers batting - Pitching for Toledo Mud Hens : RHP Ricky Tercero
|
|
Batting: LHB Jawad Fahad
|
0-0: Called Strike 0-1: Ball 1-1: Swinging Strike 1-2: Ground out 4-3 (Groundball, 4, EV 84.4 MPH)
|
|
Batting: SHB Ray Skogen
|
0-0: Called Strike 0-1: Called Strike 0-2: Fly out, F9 (Flyball, 89D, EV 86.2 MPH)
|
|
Batting: LHB Josh Pittman
|
0-0: Ball 1-0: Ball 2-0: Ball 3-0: Base on Balls
|
|
Batting: LHB Ryan Lowe
|
0-0: Foul Ball, location: 2F 0-1: Ground out 4-3 (Groundball, 4, EV 82.5 MPH)
|
| Bottom of the 4th over - 0 runs, 0 hits, 0 errors, 1 left on base; Toledo 0 - Tacoma 0 |
| TOP OF THE 5TH |
|
Toledo Mud Hens batting - Pitching for Tacoma Rainiers : RHP Jake Underhill
|
|
Batting: RHB Aaron Cusick
|
0-0: Foul Ball, location: 2F 0-1: Called Strike 0-2: Ball 1-2: Fly out, F8 (Flyball, 78D, EV 85.6 MPH)
|
|
Batting: SHB Scott Bartholomew
|
0-0: Called Strike 0-1: Ball 1-1: Called Strike 1-2: Ball 2-2: Strikes out swinging
|
|
Batting: SHB Chris Wagler
|
0-0: Called Strike 0-1: Called Strike 0-2: Ball 1-2: Strikes out swinging
|
| Top of the 5th over - 0 runs, 0 hits, 0 errors, 0 left on base; Toledo 0 - Tacoma 0 |
| BOTTOM OF THE 5TH |
|
Tacoma Rainiers batting - Pitching for Toledo Mud Hens : RHP Ricky Tercero
|
|
Batting: RHB Josh Ruhl
|
0-0: Ball 1-0: Foul Ball, location: 2F 1-1: Foul Ball, location: 2F 1-2: Ball 2-2: Ball 3-2: Base on Balls
|
|
Batting: RHB Brad Robidas
|
0-0: Called Strike 0-1: Foul Ball, location: 2F 0-2: Ball 1-2: Hit by Pitch Josh Ruhl to second
|
|
Batting: RHB Chris Olheiser
|
0-0: Called Strike 0-1: Foul Ball, location: 2F 0-2: Strikes out swinging
|
|
Batting: RHB Steve Martin
|
0-0: Ball 1-0: Ball 2-0: Called Strike 2-1: Grounds into double play, 5-4-3 (Groundball, 56S, EV 86.9 MPH)
|
| Bottom of the 5th over - 0 runs, 0 hits, 0 errors, 1 left on base; Toledo 0 - Tacoma 0 |
| TOP OF THE 6TH |
|
Toledo Mud Hens batting - Pitching for Tacoma Rainiers : RHP Jake Underhill
|
|
Batting: RHB Brandon O'Malley
|
0-0: Ground out U3 (Groundball, 34S, EV 94.4 MPH)
|
|
Batting: RHB J.J. Basil
|
0-0: Ground out 1-3 (Groundball, 13S, EV 71.2 MPH)
|
|
Batting: LHB Bill Ford
|
0-0: Called Strike 0-1: Ground out 5-3 (Groundball, 56, EV 79.4 MPH)
|
| Top of the 6th over - 0 runs, 0 hits, 0 errors, 0 left on base; Toledo 0 - Tacoma 0 |
| BOTTOM OF THE 6TH |
|
Tacoma Rainiers batting - Pitching for Toledo Mud Hens : RHP Ricky Tercero
|
|
Batting: RHB Rick Ellis
|
0-0: Ball 1-0: Ball 2-0: Called Strike 2-1: Swinging Strike 2-2: Strikes out looking
|
|
Batting: LHB Jawad Fahad
|
0-0: Ball 1-0: Called Strike 1-1: SINGLE (Groundball, 56S, EV 68.8 MPH) (infield hit)
|
|
Batting: SHB Ray Skogen
|
0-0: Hit by Pitch Jawad Fahad to second
|
|
Batting: LHB Josh Pittman
|
0-0: Swinging Strike 0-1: Ball 1-1: Foul Ball, location: 2F 1-2: Foul Ball, location: 2F 1-2: SINGLE (Flyball, 5D, EV 91.9 MPH) Jawad Fahad to third Ray Skogen to second
|
|
Batting: LHB Ryan Lowe
|
0-0: Ball 1-0: Ball 2-0: Ball 3-0: Called Strike 3-1: Called Strike 3-2: Base on Balls Jawad Fahad scores Ray Skogen to third Josh Pittman to second
|
|
Batting: RHB Josh Ruhl
|
0-0: Ball 1-0: GRAND SLAM HOME RUN (Line Drive, 7D, EV 99.4 MPH), Distance : 380 ft
|
|
Pitching: LHP Bobby Jones
|
|
|
Batting: RHB Brad Robidas
|
0-0: Ball 1-0: Swinging Strike 1-1: Called Strike 1-2: Strikes out looking
|
|
Batting: RHB Chris Olheiser
|
0-0: SINGLE (Groundball, 34D, EV 94.4 MPH)
|
|
Batting: RHB Steve Martin
|
0-0: Foul Ball, location: 2F 0-1: Ball 1-1: Ball 2-1: Swinging Strike 2-2: Strikes out swinging
|
| Bottom of the 6th over - 5 runs, 4 hits, 0 errors, 1 left on base; Toledo 0 - Tacoma 5 |
| TOP OF THE 7TH |
|
Toledo Mud Hens batting - Pitching for Tacoma Rainiers : RHP Jake Underhill
|
|
Batting: RHB Dan Becvar
|
0-0: Foul Ball, location: 2F 0-1: Ball 1-1: Foul Ball, location: 2F 1-2: Ball 2-2: Ground out 5-3 (Groundball, 56, EV 92.5 MPH)
|
|
Batting: RHB Joel Miller
|
0-0: Ball 1-0: Foul Ball, location: 2F 1-1: Ball 2-1: Fly out, F8 (Flyball, 8LS, EV 85.6 MPH)
|
|
Batting: RHB Keith Hoffman
|
0-0: Called Strike 0-1: Ball 1-1: Swinging Strike 1-2: Ball 2-2: Strikes out swinging, 2-3 out at first.
|
| Top of the 7th over - 0 runs, 0 hits, 0 errors, 0 left on base; Toledo 0 - Tacoma 5 |
| BOTTOM OF THE 7TH |
|
Tacoma Rainiers batting - Pitching for Toledo Mud Hens : LHP Bobby Jones
|
|
Batting: RHB Rick Ellis
|
0-0: Foul Ball, location: 2F 0-1: Ball 1-1: Foul Ball, location: 2F 1-2: Ball 2-2: Foul Ball, location: 2F 2-2: Ball 3-2: Strikes out looking
|
|
Batting: LHB Jawad Fahad
|
0-0: Called Strike 0-1: Ball 1-1: Ball 2-1: Fly out, F8 (Flyball, 89D, EV 105.0 MPH)
|
|
Batting: SHB Ray Skogen
|
0-0: Called Strike 0-1: Foul Ball, location: 2F 0-2: Ball 1-2: Ground out 5-3 (Groundball, 56S, EV 66.2 MPH)
|
| Bottom of the 7th over - 0 runs, 0 hits, 0 errors, 0 left on base; Toledo 0 - Tacoma 5 |
| TOP OF THE 8TH |
|
Toledo Mud Hens batting - Pitching for Tacoma Rainiers : RHP Jake Underhill
|
|
Batting: RHB Aaron Cusick
|
0-0: Ball 1-0: Ground out 2-3 (Groundball, 13S, EV 60.6 MPH)
|
|
Batting: SHB Scott Bartholomew
|
0-0: Ball 1-0: Ground out 4-3 (Groundball, 4, EV 86.2 MPH)
|
|
Batting: SHB Chris Wagler
|
0-0: Ground out 6-3 (Groundball, 6, EV 105.0 MPH)
|
| Top of the 8th over - 0 runs, 0 hits, 0 errors, 0 left on base; Toledo 0 - Tacoma 5 |
| BOTTOM OF THE 8TH |
|
Tacoma Rainiers batting - Pitching for Toledo Mud Hens : LHP Bobby Jones
|
|
Batting: LHB Josh Pittman
|
0-0: Fly out, F8 (Flyball, 8RM, EV 71.9 MPH)
|
|
Batting: LHB Ryan Lowe
|
0-0: Called Strike 0-1: Called Strike 0-2: Ball 1-2: Ground out U3 (Groundball, 3L, EV 88.8 MPH)
|
|
Batting: RHB Josh Ruhl
|
0-0: Called Strike 0-1: Ball 1-1: Ball 2-1: Foul Ball, location: 2F 2-2: Foul Ball, location: 2F 2-2: Ball 3-2: Strikes out swinging
|
| Bottom of the 8th over - 0 runs, 0 hits, 0 errors, 0 left on base; Toledo 0 - Tacoma 5 |
| TOP OF THE 9TH |
|
Toledo Mud Hens batting - Pitching for Tacoma Rainiers : RHP Jake Underhill
|
|
Batting: RHB Brandon O'Malley
|
0-0: SINGLE (Flyball, 89S, EV 91.9 MPH)
|
|
Batting: RHB J.J. Basil
|
0-0: Ball 1-0: Called Strike 1-1: Called Strike 1-2: SINGLE (Groundball, 4MD, EV 95.0 MPH) Brandon O'Malley to second
|
|
Batting: LHB Bill Ford
|
0-0: Ball 1-0: Foul Ball, location: 2F 1-1: Foul Ball, location: 2F 1-2: Ball 2-2: Ball 3-2: Fielders Choice at 2nd, 4-6 (Groundball, 4M, EV 96.2 MPH) Brandon O'Malley to third
|
|
Pitching: RHP Chris Julien
|
|
|
Batting: RHB Dan Becvar
|
0-0: SINGLE (Flyball, 3D, EV 91.9 MPH) Brandon O'Malley scores Bill Ford to second
|
|
Pitching: RHP Jace Daniels
|
|
|
Batting: LHB Jon Frederick
|
0-0: Ball 1-0: Ball 2-0: Ball 3-0: Base on Balls Bill Ford to third Dan Becvar to second
|
|
Batting: RHB Keith Hoffman
|
0-0: Grounds into double play, 6-4-3 (Groundball, 6M, EV 85.6 MPH)
|
| Top of the 9th over - 1 run, 3 hits, 0 errors, 2 left on base; Toledo 1 - Tacoma 5 |
|